 Dungeon Crawl Stone Soup version 0.23.2-40-g277498a001 (webtiles) character file.

Game seed: 11817658164719405876

2485 Descartes the Transmogrifier (level 9, -7/41 HPs)
             Began as a Vine Stalker Transmuter on Oct 21, 2019.
             Was a Believer of Wu Jian.
             Mangled by Grum
             ... wielding a +0 spear
              (9 damage)
             ... on level 8 of the Dungeon.
             The game lasted 00:19:36 (7580 turns).

Descartes the Transmogrifier (VSTm)                 Turns: 7580, Time: 00:19:37

Health: -7/41      AC:  5    Str: 15    XL:     9   Next: 52%
Magic:  0/19       EV: 18    Int: 14    God:    Wu Jian [**....]
Gold:   385        SH:  0    Dex: 15    Spells: 13/21 levels left

rFire    . . .     SeeInvis .   b - +2 dagger (drain)
rCold    . . .     Gourm    .   (no shield)
rNeg     + . .     Faith    .   u - +1 robe {rN+}
rPois    .         Spirit   +   (no helmet)
rElec    .         Reflect  .   Q - +0 cloak
rCorr    .         Harm     .   (no gloves)
MR       +....                  I - +0 pair of boots
Stlth    ++........             (no amulet)
HPRegen  0.53/turn              F - +6 ring of evasion
MPRegen  0.16/turn              T - ring of wizardry

@: no status effects
A: fangs 3, regeneration 1, magic shield, antimagic bite, no potion heal 3, rot
immunity
a: Wall Jump, Renounce Religion


You were on level 8 of the Dungeon.
You worshipped Wu Jian.
Wu Jian was pleased with you.
You were very hungry.

You visited 2 branches of the dungeon, and saw 9 of its levels.
You also visited: Sewer.

You collected 385 gold pieces.

Inventory:

Hand Weapons
 a - a +0 hunting sling
 b - a +2 dagger of draining (weapon)
 e - a +2 scythe of protection
 K - a +2 falchion
Missiles
 h - 42 sling bullets
 i - 215 stones (quivered)
 r - 5 tomahawks
 s - 29 poisoned needles
 t - 151 arrows
 N - 27 bolts
Armour
 j - a cursed +0 scale mail
 u - a +1 robe of positive energy (worn)
 I - a +0 pair of boots (worn)
 L - a +0 robe of cold resistance
 Q - a +0 cloak (worn)
Magical Staves
 R - an uncursed staff of wizardry
 S - an uncursed staff of conjuration
Jewellery
 w - an uncursed ring of ice
 D - a +1 ring of protection
 F - a +6 ring of evasion (left hand)
 T - a ring of wizardry (right hand)
Wands
 k - a wand of enslavement (6)
 x - a wand of disintegration (31)
 G - a wand of digging (4)
 H - a wand of iceblast (6)
 O - a wand of flame (14)
Scrolls
 c - a scroll of brand weapon {unknown}
 f - 2 scrolls of enchant armour {unknown}
 n - a scroll of fog {unknown}
 q - 5 scrolls of remove curse
 y - 2 scrolls of fear {unknown}
 z - a scroll of magic mapping {unknown}
 A - 3 scrolls of blinking
 B - 6 scrolls of teleportation
 J - 4 scrolls of identify
 M - a scroll of immolation {unknown}
Potions
 g - 3 potions of flight
 l - a potion of ambrosia
 m - a potion of lignification
 o - a potion of agility
 p - 6 potions of curing
 v - 3 potions of heal wounds {unknown}
 C - a potion of might
 E - a potion of cancellation {unknown}
 P - a potion of brilliance
 U - a potion of degeneration {unknown}
Comestibles
 d - 20 rations


   Skills:
 + Level 1.4 Fighting
 + Level 0.9 Armour
 + Level 2.0 Dodging
 + Level 1.9 Stealth
 + Level 7.0 Unarmed Combat
 + Level 6.6 Spellcasting
 + Level 8.5 Transmutations


You had 13 spell levels left.
You knew the following spells:

 Your Spells              Type           Power        Failure   Level  Hunger
a - Beastly Appendage     Tmut           ####..       1%          1    None
b - Sticks to Snakes      Tmut           ####....     1%          2    #......
c - Blade Hands           Tmut           ####......   4%          5    ######.

Your spell library contained the following spells:

 Spells                   Type           Power        Failure   Level  Hunger
 Spider Form              Tmut/Pois      ###.......   3%          3    ##.....
 Ice Form                 Ice/Tmut       ###.....     11%         4    ####...


Dungeon Overview and Level Annotations

Branches:
Dungeon (8/15)             Temple (1/1) D:4
   Lair: D:8-11

Altars:
Ashenzari
Cheibriados
Elyvilon
Fedhas
Gozag
Hepliaklqana
Kikubaaqudgha
Makhleb
Nemelex Xobeh
Okawaru
Qazlal
Ru
Sif Muna
Uskayaw
Vehumet
Wu Jian
Xom
Yredelemnul
Zin
The Shining One

Annotations:
D:8 Grum


Innate Abilities, Weirdness & Mutations

You have razor-sharp teeth.
Your natural rate of healing is unusually fast.
When hurt, damage is shared between your health and your magic reserves.
Your bite disrupts and absorbs the magic of your enemies.
Potions cannot restore your health.
You are immune to rotting.


Message History

You miss the wolf. Your bite misses the wolf.
The wolf is moderately wounded.
The wolf closely misses you. Grum closely misses you.
The wolf barely misses you.
You hit the wolf but do no damage.
The wolf is moderately wounded.
The wolf closely misses you.
Grum hits you from afar with a +0 spear!
* * * LOW HITPOINT WARNING * * *
You hit the wolf. You drain the wolf.
The wolf is heavily wounded.
The wolf bites you.
* * * LOW HITPOINT WARNING * * *
Grum hits you from afar with a +0 spear.
* * * LOW HITPOINT WARNING * * *
You miss the wolf.
The wolf is moderately wounded.
The wolf bites you but does no damage.
Grum hits you from afar with a +0 spear!
You die...

#.##.###. #.##.....
##.##.####
######.....##..
########.......[......
##.....[............###
........##.........##..
%.#####(.....>....##...
##@#.........##....
#h#.#........##....
#g#h##..............
#!.h###..#######...[.
#.#$ ..# ###... #.#.#
.# #.... ..# # #....
#.. #.... .. ##...


You could see Grum and a wolf.

Vanquished Creatures
  Sigmund (D:3)
  A sky beast (D:6)
  2 ice beasts
  2 orc warriors
  A necrophage (D:6)
  3 ogres
  2 wolves (D:8)
  A centaur (D:6)
  2 big kobolds
  A bullfrog (D:6)
  3 scorpions
  4 wights (D:5)
  2 jellies (D:6)
  2 orc priests
  2 bullfrog skeletons
  2 hounds
  Terence (D:1)
  4 orc wizards
  3 worker ants
  2 worker ant zombies
  A howler monkey skeleton (D:7)
  10 gnolls
  6 adders
  A shadow imp (D:7)
  6 oozes
  2 adder skeletons
  3 worms
  2 dart slugs (D:1)
  3 leopard geckos
  14 orcs
  3 giant cockroaches
  9 goblins
  8 hobgoblins
  9 jackals
  A quokka (D:4)
  5 ball pythons
  8 bats
  3 frilled lizards
  A jackal zombie (D:7)
  11 kobolds
  A leopard gecko skeleton (D:4)
  4 quokka skeletons
  11 rats
163 creatures vanquished.

Notes
Turn   | Place    | Note
-------+----------+-------------------------------------------
     0 | D:1      | Descartes the Vine Stalker Transmuter began the quest for
                  | the Orb.
     0 | D:1      | Reached XP level 1. HP: 9/9 MP: 4/4
   270 | D:1      | Reached XP level 2. HP: 6/14 MP: 1/6
   506 | D:1      | Reached skill level 3 in Transmutations
   904 | D:1      | Reached XP level 3. HP: 12/17 MP: 5/7
  1229 | D:2      | Found a shattered altar of Ashenzari.
  1243 | D:2      | Noticed Terence
  1462 | D:2      | Noticed an ogre
  1475 | D:2      | Killed an ogre
  1475 | D:2      | Reached skill level 5 in Transmutations
  1475 | D:2      | Gained mutation: Your natural rate of healing is unusually
                  | fast. [Vine Stalker growth]
  1475 | D:2      | Reached XP level 4. HP: 4/21 MP: 8/8
  1511 | D:2      | Noticed an ice beast
  1569 | D:1      | Killed Terence
  1569 | D:1      | Reached XP level 5. HP: 6/25 MP: 3/9
  1833 | D:2      | Found a glowing golden altar of the Shining One.
  1833 | D:2      | Found a hide-covered altar of Uskayaw.
  1839 | D:2      | Found a radiant altar of Vehumet.
  1843 | D:2      | Found a faded altar of an unknown god.
  1850 | D:2      | Found a faded altar of an unknown god.
  1927 | D:2      | Learned a level 2 spell: Sticks to Snakes
  1933 | D:2      | Learned a level 5 spell: Blade Hands
  2194 | D:2      | Killed an ice beast
  2194 | D:2      | Reached XP level 6. HP: 15/29 MP: 5/11
  2341 | D:2      | Found a basalt altar of Yredelemnul.
  2475 | D:3      | Reached skill level 6 in Transmutations
  2551 | D:3      | Noticed Sigmund
  2581 | D:3      | Killed Sigmund
  2581 | D:3      | Reached XP level 7. HP: 27/32 MP: 8/13
  2651 | D:3      | Found a shimmering altar of Xom.
  2655 | D:3      | Found a glowing silver altar of Zin.
  2660 | D:3      | Found a sacrificial altar of Ru.
  3149 | D:4      | Found a glowing drain.
  3187 | Sewer    | Entered a sewer
  3880 | D:4      | Found a sparkling altar of Nemelex Xobeh.
  3976 | D:4      | Found a staircase to the Ecumenical Temple.
  3989 | Temple   | Entered the Ecumenical Temple
  4040 | Temple   | Became a worshipper of the Wu Jian Council
  4379 | D:5      | Entered Level 5 of the Dungeon
  4503 | D:5      | Reached skill level 5 in Unarmed Combat
  4503 | D:5      | Gained mutation: You have razor-sharp teeth. [Vine Stalker
                  | growth]
  4503 | D:5      | Reached XP level 8. HP: 32/37 MP: 12/15
  4519 | D:5      | Reached skill level 7 in Transmutations
  5167 | D:5      | Reached skill level 5 in Spellcasting
  5349 | D:6      | Found a deep blue altar of Sif Muna.
  5399 | D:6      | Reached * piety under Wu Jian
  5520 | D:6      | HP: 1/37 [orc wizard/+0 dagger of speed (2)]
  5718 | D:6      | Reached skill level 8 in Transmutations
  5718 | D:6      | Reached XP level 9. HP: 32/40 MP: 15/18
  6427 | D:6      | Found a burning altar of Makhleb.
  6590 | D:7      | Reached skill level 1 in Fighting
  6732 | D:7      | Reached skill level 1 in Stealth
  7538 | D:8      | Noticed Grum
  7554 | D:8      | Reached ** piety under Wu Jian
  7579 | D:8      | HP: 2/41 [Grum/+0 spear (1)]
  7580 | D:8      | Mangled by Grum

Skill      XL: |  1  2  3  4  5  6  7  8  9 |
---------------+----------------------------+-----
Transmutations | 3 5 6 8 |  8.5
Unarmed Combat | 4 5 6 7 |  7.0
Spellcasting   | 3 4 5 6 |  6.6
Fighting       | 1 |  1.4
Stealth        | 1 |  1.9
Dodging        | 2 |  2.0
Armour         | |  0.9

Action                   |  1- 3 |  4- 6 |  7- 9 || total
-------------------------+-------+-------+-------++-------
Melee: Unarmed           |    89 |    44 |    10 ||   143
       Bite              |    23 |    33 |   152 ||   208
       Punch             |     1 |       |    12 ||    13
       Dagger            |       |    83 |   511 ||   594
       Staff             |       |       |    11 ||    11
 Cast: Blade Hands       |       |       |     2 ||     2
Invok: Lunge             |       |       |    18 ||    18
       Whirlwind         |       |       |     1 ||     1
  Use: Scroll            |       |     4 |     6 ||    10
       Potion            |       |     1 |       ||     1
 Stab: Sleeping          |       |     1 |     3 ||     4
  Eat: Chunk             |     1 |     4 |    13 ||    18
       Ration            |       |       |     1 ||     1
Armor: Robe              |    22 |    25 |    65 ||   112
Dodge: Dodged            |    82 |    85 |   367 ||   534
